 Dungeon Crawl Stone Soup version 0.13-a0-3016-gcb2faac (webtiles) character file.

24620 4tharraofdagon the Thaumaturge (level 12, 0/81 HPs)
             Began as a Demigod Fire Elementalist on Sept 12, 2013.
             Slain by a spriggan rider
             ... wielding a cursed -3 blowgun
              (6 damage)
             ... on Level 8 of the Lair of Beasts.
             The game lasted 00:47:05 (7824 turns).

4tharraofdagon the Thaumaturge (DgFE)               Turns: 7824, Time: 00:47:05

HP   0/81        AC  5     Str 13      XL: 12   Next: 44%
MP   4/33        EV 11     Int 23      God:
Gold 456         SH  0     Dex 20      Spells:  4 memorised, 21 levels left

Res.Fire  : + . .   See Invis. : .   s - staff of fire
Res.Cold  : . . .   Warding    : .   g - +0 leather armour
Life Prot.: . . .   Conserve   : .   (no shield)
Res.Poison: .       Res.Corr.  : .   (helmet restricted)
Res.Elec. : .       Clarity    : .   (no cloak)
Sust.Abil.: . .     Spirit.Shd : .   B - +0 pair of dwarf gauntlets
Res.Mut.  : .       Stasis     : .   I - +0 pair of boots
Res.Rott. : .       Flight     : .   (no amulet)
Saprovore : . . .                    (no ring)
                                     (no ring)

@: short of breath, very slightly contaminated, hasted and slowed, somewhat
resistant to hostile enchantments, fairly stealthy
A: antennae 1, fuming 1
a: no special abilities


You were on level 8 of the Lair of Beasts.
You were not hungry.

You visited 2 branches of the dungeon, and saw 18 of its levels.

You collected 436 gold pieces.

Inventory:

Hand weapons
 e - a +1,+3 spear of piercing
 j - a +1,+2 orcish hand axe of chopping
 m - a -1,+1 orcish club
 w - a +1 blowgun
Missiles
 i - 2 darts of flame (quivered)
 x - 6 poisoned needles
Armour
 a - a +0 robe
 d - a +0 pair of orcish boots
 g - a +0 leather armour (worn)
 n - a cursed +0 helmet
 B - a +0 pair of dwarven gauntlets (worn)
 I - a +0 pair of boots (worn)
Magical devices
 o - a wand of paralysis (13) {unknown}
 t - a wand of cold (0)
 A - a wand of frost (5)
 E - a wand of disintegration (13) {unknown}
 H - a wand of lightning (7)
 O - a wand of magic darts (8)
 S - a wand of draining (0)
Comestibles
 h - 2 meat rations
 G - a cheese
 P - 2 bread rations
 T - 2 chunks of wolf flesh
 W - a rotting chunk of wolf flesh
 Y - 2 rotting chunks of wolf flesh
Scrolls
 f - 3 scrolls of teleportation
 k - 2 scrolls of identify
 u - a scroll of recharging
 y - a scroll of random uselessness
 C - a scroll of fog
 F - a scroll of curse jewellery {unknown}
 K - a scroll of remove curse
 M - 2 scrolls of blinking
 N - a scroll of magic mapping
Jewellery
 U - an uncursed ring of ice
Potions
 c - 2 potions of strong poison
 p - 3 potions of speed
 q - a potion of restore abilities
 v - 2 potions of resistance
 z - a potion of porridge
 D - 4 potions of might
 J - a potion of flight {unknown}
 L - a potion of agility
 R - a potion of paralysis
Books
 b - a book of Flames

   Spells                             Type                      Level
   *Flame Tongue                      Conjuration/Fire             1
   Throw Flame                        Conjuration/Fire             2
   *Conjure Flame                     Conjuration/Fire             3
   Inner Flame                        Hexes/Fire                   3
   *Sticky Flame                      Conjuration/Fire             4
   *Fireball                          Conjuration/Fire             5
 V - the Volume of Attacks and Calling
   (You found it on level 8 of the Lair of Beasts)

   Spells                             Type                      Level
   Summon Small Mammal                Summoning                    1
   *Sticky Flame                      Conjuration/Fire             4
   Force Lance                        Conjuration                  5
   Venom Bolt                         Conjuration/Poison           5
   Summon Demon                       Summoning                    5
Magical staves
 s - an uncursed staff of fire (weapon)
 Q - an uncursed staff of air


   Skills:
 - Level 1.7 Dodging
 - Level 1.7 Stealth
 * Level 11.7 Spellcasting
 + Level 11.0 Conjurations
 + Level 11.0 Fire Magic


You had 21 spell levels left.
You knew the following spells:

 Your Spells              Type           Power        Failure   Level  Hunger
a - Flame Tongue          Conj/Fire      #####        1%          1    None
b - Conjure Flame         Conj/Fire      #######.     1%          3    None
c - Sticky Flame          Conj/Fire      #######.     1%          4    None
d - Fireball              Conj/Fire      #######...   1%          5    ###....


Dungeon Overview and Level Annotations

Branches:
Dungeon (11/27)              Lair (8/8) D:11          Snake (0/5) Lair:6
  Slime (0/6) Lair:8
 Temple: D:4-7          Orc: D:6-11       Swamp: Lair:3-6    Shoals: Lair:3-6
 Spider: Lair:3-6

Shops:
D:2 *

Portals:
Ziggurat: D:3 (3430 gp)

Annotations:
D:4 bronies4ever's ghost, average DjWz
D:6 Dowan
D:7 bronies4ever's ghost, experienced DjFE


Innate Abilities, Weirdness & Mutations

You have a pair of small antennae on your head.
You emit clouds of smoke.


Message History

The spriggan rider hits you with a blowgun!
* * * LOW HITPOINT WARNING * * *
Unknown command.
Drink which item? (? for menu, Esc to quit)
You feel better.
The spriggan rider hits you with a blowgun!
* * * LOW HITPOINT WARNING * * *
The wolf bites you.
* * * LOW HITPOINT WARNING * * *
Unknown command.
Evoke which item? (* to show all) (? for menu, Esc to quit)
Zapping:
H - a wand of lightning {zapped: 1}
Press: ? - help, Shift-Dir - straight line, f/p - spriggan rider
Aim: a spriggan rider, wielding a blowgun (moderately wounded)
You hear a mighty clap of thunder!
The bolt of lightning hits the spriggan rider.
The spriggan rider is severely wounded.
The tree burns like a torch!
The spriggan rider hits you with a blowgun.
You die...

♣♣♣..♣..♣♣♣
♣♣...♣♣.♣♣♣
♣...♣♣♣♣♣.♣♣
♣♣♣..♣♣♣♣♣.♣♣
♣♣.. ♣♣♣.♣♣
..♣ ♣♣..§♣ ♣
♣♣♣.§♣♣
♣♣♣i♣♣♣
♣♣@.♣♣ ♣♣h♣♣♣
♣%%)♣♣ ...♣♣
♣....♣♣
♣♣....?
♣♣...)8
♣♣...%%♣ ...


You could see a spriggan rider and a wolf.

Vanquished Creatures
  3 hydras
  7 death yaks
  A griffon (Lair:7)
  8 elephants
  A black mamba (Lair:1)
  3 spiny frogs
  4 komodo dragons
  A fire drake (Lair:4)
  4 spriggans (Lair:8)
  5 blink frogs (Lair:8)
  A basilisk (Lair:6)
  A boulder beetle (Lair:6)
  5 grizzly bears (Lair:8)
  15 yaks
  3 hippogriffs
  28 wolves
  3 porcupines
  A phantom (D:10)
  An ice beast (D:11)
  6 black bears (Lair:8)
  A giant goldfish (Lair:8)
  3 ogres
  A boring beetle (Lair:4)
  Duvessa (D:6)
  2 crocodiles
  5 giant slugs
  4 water moccasins
  A manticore zombie (D:11)
  5 agate snails
  2 giant frogs
  2 wights (D:6)
  2 jellyfish (Lair:8)
  A crimson imp (D:5)
  A hound (Lair:4)
  2 big fish (Lair:8)
  An orc priest (D:3)
  A worker ant (D:5)
  2 iguanas
  A scorpion (D:4)
  A sky beast zombie (D:6)
  7 adders
  3 giant mites
  2 worms
  A giant eyeball (D:9)
  3 giant geckos
  An ooze (D:3)
  12 orcs
  6 bats
  4 giant cockroaches
  8 hobgoblins
  7 jackals
  A quokka (Lair:1)
  3 giant newts
  4 goblins
  3 kobolds
  An orc skeleton (D:6)
  7 rats
  A rat zombie (D:6)
  7 fungi (Lair:8)
  A plant (D:11)
222 creatures vanquished.

Vanquished Creatures (others)
  A komodo dragon (Lair:6)
  A hobgoblin (D:3)
  A giant newt (D:3)
  5 fungi (Lair:8)
  2 plants
10 creatures vanquished.

Grand Total: 232 creatures vanquished

Notes
Turn   | Place    | Note
--------------------------------------------------------------
     0 | D:1      | 4tharraofdagon, the Demigod Fire Elementalist, began the quest for the Orb.
     0 | D:1      | Reached XP level 1. HP: 14/14 MP: 5/5
    33 | D:1      | Reached skill level 1 in Conjurations
   172 | D:2      | Found Zin's Purification Station.
   175 | D:2      | Found a glowing silver altar of Zin.
   294 | D:3      | Found a gateway to a ziggurat.
   294 | D:3      | Noticed an angel
   294 | D:3      | Noticed an angel
   341 | D:3      | Reached skill level 3 in Fire Magic
   341 | D:3      | Reached XP level 2. HP: 4/20 MP: 0/6
   855 | D:3      | Reached XP level 3. HP: 9/26 MP: 0/9
   860 | D:3      | Learned a level 3 spell: Conjure Flame
   919 | D:3      | Found a white marble altar of Elyvilon.
  1169 | D:4      | Reached XP level 4. HP: 25/33 MP: 8/12
  1240 | D:4      | Noticed bronies4ever's ghost (average DjWz)
  1507 | D:3      | Learned a level 4 spell: Sticky Flame
  1549 | D:4      | Noticed an ogre
  1610 | D:4      | Killed an ogre
  1610 | D:4      | Reached XP level 5. HP: 17/38 MP: 2/14
  1697 | D:4      | Noticed an ogre
  1717 | D:4      | Killed an ogre
  1756 | D:5      | Entered Level 5 of the Dungeon
  1942 | D:5      | Reached XP level 6. HP: 35/45 MP: 18/18
  2071 | D:6      | Noticed an ogre
  2081 | D:6      | Killed an ogre
  2081 | D:6      | Reached skill level 4 in Fire Magic
  2093 | D:6      | Noticed Duvessa
  2096 | D:6      | Noticed Dowan
  2137 | D:6      | Killed Duvessa
  2479 | D:5      | Reached XP level 7. HP: 40/50 MP: 16/21
  2513 | D:7      | Noticed bronies4ever's ghost (experienced DjFE)
  2537 | D:7      | You fall through a shaft!
  2580 | D:9      | Paralysed by a giant eyeball for 3 turns
  2590 | D:9      | Learned a level 5 spell: Fireball
  2628 | D:9      | Found a snail-covered altar of Cheibriados.
  2678 | D:10     | Entered Level 10 of the Dungeon
  2751 | D:10     | Reached skill level 5 in Spellcasting
  2921 | D:11     | Found a staircase to the Lair.
  2943 | D:11     | Reached skill level 5 in Fire Magic
  3100 | Lair:1   | Entered Level 1 of the Lair of Beasts
  3128 | Lair:2   | Noticed a black mamba
  3133 | Lair:1   | Yermak: Hi there
  3135 | Lair:1   | Killed a black mamba
  3135 | Lair:1   | Reached skill level 6 in Spellcasting
  3135 | Lair:1   | Reached XP level 8. HP: 14/57 MP: 17/23
  3136 | Lair:1   | 4tharraofdagon: hi
  3178 | Lair:2   | Yermak: I guess in statue form build hardest part is to find statue form.
  3180 | Lair:2   | 4tharraofdagon: ye
  3180 | Lair:2   | 4tharraofdagon: thats deffinetly hardest part
  3180 | Lair:2   | 4tharraofdagon: like all games without muna gifts
  3202 | Lair:3   | Noticed an elephant
  3202 | Lair:3   | Noticed an elephant
  3202 | Lair:3   | Noticed an elephant
  3202 | Lair:3   | Noticed an elephant
  3446 | Lair:1   | Yermak: I'm trying Sp with unarmed combat now. Still using freeze
  3454 | Lair:1   | Yermak: onXL16
  3466 | Lair:1   | Noticed a komodo dragon
  3478 | Lair:1   | Killed a komodo dragon
  3478 | Lair:1   | Reached skill level 5 in Conjurations
  3607 | Lair:1   | 4tharraofdagon: statue form spriggan?
  3685 | Lair:1   | Yermak: Yes, without stsatue form
  3845 | Lair:2   | Noticed a fire drake
  3852 | Lair:2   | Yermak: At some point game became easy when I was tabbing elephants
  3872 | Lair:2   | Yermak: But now it again hard
  3943 | Lair:2   | Killed an elephant
  3943 | Lair:2   | Reached skill level 7 in Spellcasting
  3946 | Lair:2   | Killed an elephant
  3946 | Lair:2   | Reached XP level 9. HP: 15/62 MP: 4/26
  4174 | Lair:4   | Noticed a death yak
  4205 | Lair:4   | Noticed an eight-headed hydra
  4244 | Lair:4   | Killed an eight-headed hydra
  4244 | Lair:4   | Reached skill level 8 in Spellcasting
  4348 | Lair:4   | 4tharraofdagon: demigods are so far my biggest challenge
  4392 | Lair:4   | Yermak: coz of no god or of low apts?
  4398 | Lair:4   | Noticed a death yak
  4400 | Lair:4   | Noticed a death yak
  4400 | Lair:4   | 4tharraofdagon: ye
  4413 | Lair:4   | Yermak: I mean which of this is the main problem?
  4413 | Lair:4   | 4tharraofdagon: impressive life and magic helps survivng but not killing :(
  4413 | Lair:4   | 4tharraofdagon: mostly lack of reliable sources of items/powers
  4413 | Lair:4   | 4tharraofdagon: which is diety domain
  4421 | Lair:4   | Noticed a death yak
  4432 | Lair:4   | Killed a death yak
  4466 | Lair:4   | Killed a death yak
  4466 | Lair:4   | Reached skill level 9 in Spellcasting
  4466 | Lair:4   | Reached XP level 10. HP: 67/69 MP: 17/29
  4476 | Lair:4   | Killed a death yak
  4520 | Lair:4   | Killed a death yak
  4786 | Lair:5   | Reached skill level 10 in Spellcasting
  5182 | Lair:6   | Found an iron altar of Okawaru.
  5192 | Lair:6   | Found a staircase to the Snake Pit.
  5320 | Lair:6   | Noticed an eight-headed hydra
  5334 | Lair:6   | Killed an eight-headed hydra
  5334 | Lair:6   | Reached XP level 11. HP: 35/74 MP: 3/31
  5444 | Lair:6   | Noticed a death yak
  5449 | Lair:6   | Noticed a death yak
  5450 | Lair:6   | Noticed a death yak
  5466 | Lair:6   | Killed a death yak
  5494 | Lair:6   | Killed a death yak
  5495 | Lair:6   | Yermak: What do you think of new immolation scrolls?
  5503 | Lair:6   | 4tharraofdagon: awsome
  5507 | Lair:6   | Killed a death yak
  5520 | Lair:6   | Yermak: ya (:
  5523 | Lair:6   | 4tharraofdagon: well i still barelly care about them but at least they are not obselete now
  5704 | Lair:6   | Yermak: Ruthless efficiency banner is much easier now
  5845 | Lair:6   | 4tharraofdagon: what was that
  5884 | Lair:7   | Yermak: killing two uniques on the same turn
  5887 | Lair:7   | 4tharraofdagon: oh
  5929 | Lair:7   | 4tharraofdagon: tournament start anytime soon?
  5949 | Lair:7   | Yermak: have no idea
  6099 | Lair:7   | Gained mutation: You are agile. (Dex +2) [potion of mutation]
  6099 | Lair:7   | Gained mutation: You have a pair of small antennae on your head. [potion of mutation]
  6099 | Lair:7   | Lost mutation: You are agile. (Dex +2) [potion of mutation]
  6100 | Lair:7   | Gained mutation: You are dopey. (Int -2) [potion of mutation]
  6100 | Lair:7   | Lost mutation: You are dopey. (Int -2) [potion of mutation]
  6100 | Lair:7   | Gained mutation: You emit clouds of smoke. [potion of mutation]
  6101 | Lair:7   | bmfx: 0.13 is not even in "feature freeze" mode, so tourney is unlikely to happen soon
  6101 | Lair:7   | 4tharraofdagon: living fume
  6173 | Lair:7   | bmfx: i hate fuming mut. it blocks your own los when you attack far more often than it blocks enemies when you run
  6180 | Lair:8   | Entered Level 8 of the Lair of Beasts
  6183 | Lair:8   | 4tharraofdagon: its first time i have this mut
  6193 | Lair:8   | Yermak: I hadn'tthis mut
  6204 | Lair:7   | Reached skill level 10 in Fire Magic
  6461 | Lair:8   | Reached skill level 10 in Conjurations
  6905 | Lair:8   | Found a viscous altar of Jiyva.
  6905 | Lair:8   | Found a staircase to the Slime Pits.
  6967 | Lair:8   | Noticed a four-headed hydra
  6975 | Lair:8   | Killed a four-headed hydra
  7023 | Lair:8   | Reached XP level 12. HP: 81/81 MP: 13/32
  7024 | Lair:8   | 4tharraofdagon: so far i didnt get single clever raise
  7205 | Lair:8   | Reached skill level 11 in Spellcasting
  7367 | Lair:8   | Identified the Volume of Attacks and Calling
  7812 | Lair:8   | Noticed a spriggan rider
  7812 | Lair:8   | Yermak: I hope djinn will be axed
  7823 | Lair:8   | Yermak: lol
  7824 | Lair:8   | Yermak: hits you with blowgun
  7824 | Lair:8   | Slain by a spriggan rider

Action                   |  1- 3 |  4- 6 |  7- 9 | 10-12 || total
-------------------------+-------+-------+-------+-------++-------
Melee: Unarmed           |    31 |       |       |       ||    31
       Hand axe          |    16 |    67 |    79 |       ||   162
       Staff             |       |       |    27 |    51 ||    78
Throw: Dart              |     2 |       |       |       ||     2
 Cast: Flame Tongue      |    57 |    46 |    37 |    30 ||   170
       Conjure Flame     |       |     6 |    30 |    40 ||    76
       Sticky Flame      |       |     3 |    15 |    59 ||    77
       Fireball          |       |       |       |    49 ||    49
Evoke: Wand              |       |       |     2 |    15 ||    17
  Use: Potion            |     4 |       |     1 |     8 ||    13
       Scroll            |       |       |    11 |    12 ||    23
 Stab: Sleeping          |       |     2 |       |       ||     2
